 Dungeon Crawl Stone Soup version 0.24.0-37-gcf1ca852f1 (webtiles) character file.

Game seed: 14765340148447237623, levelgen mode: deterministic

9870 grindst0ne the Nimble (level 11, -13/89 HPs)
             Began as a Vampire Gladiator on Nov 21, 2019.
             Was an Initiate of Gozag.
             Hit by a large rock thrown by a cyclops (19 damage)
             ... on level 11 of the Dungeon.
             The game lasted 00:28:54 (8857 turns).

grindst0ne the Nimble (Vampire Gladiator)           Turns: 8857, Time: 00:28:56

Health: -13/89     AC: 23    Str: 21    XL:     11   Next: 28%
Magic:  11/11      EV: 11    Int: 11    God:    Gozag
Gold:   217        SH:  4    Dex: 16    Spells: 10/10 levels left

rFire    . . .     SeeInvis +   q - +4 long sword
rCold    . . .     Gourm    .   F - +0 buckler
rNeg     + . .     Faith    .   G - +2 plate armour {rN+}
rPois    +         Spirit   .   C - +2 helmet "Fewawn" {rElec MR+ SInv}
rElec    +         Reflect  .   p - +0 cloak
rCorr    .         Harm     .   w - +0 pair of gloves
MR       ++...                  d - +0 pair of boots
Stlth    ..........             r - amulet of regeneration
HPRegen  0.84/turn              g - ring of Efothuch {rPois Str+5}
MPRegen  0.12/turn              x - +4 ring of protection

@: gold aura, regenerating quickly, lightly drained
A: no food, fangs 3, see invisible, unbreathing
a: Exsanguinate, Potion Petition, Call Merchant, Bribe Branch, Renounce Religion


You were on level 11 of the Dungeon.
You worshipped Gozag.
Gozag was aware of your devotion.
You were alive.

You visited 2 branches of the dungeon, and saw 12 of its levels.
You visited 1 bazaar.
You also visited: Gauntlet.

You collected 1903 gold pieces.
You spent 1105 gold pieces at shops.
You paid 581 gold pieces to Gozag.

Inventory:

Hand Weapons
 m - a +3 long sword of venom
 q - a +4 long sword (weapon)
 B - a +4 short sword
Armour
 d - a +0 pair of boots (worn)
 f - a +0 shield
 p - a +0 cloak (worn)
 u - a +2 helmet
 w - a +0 pair of gloves (worn)
 C - the +2 helmet "Fewawn" (worn) {rElec MR+ SInv}
   (You bought it in a shop in a bazaar)

   It insulates you from electricity.
   It affects your resistance to hostile enchantments.
   It lets you see invisible.
 F - a +0 buckler (worn)
 G - a +2 plate armour of positive energy (worn)
Jewellery
 c - the ring "Umunerih" {*Slow rElec Int-3 SInv Stlth-, unknown}
   (You found it in a Gauntlet)

   [ring of attention]

   It affects your intelligence (-3).
   It insulates you from electricity.
   It lets you see invisible.
   It may slow you when you take damage.
   It makes you less stealthy.
 g - the ring of Efothuch (left hand) {rPois Str+5}
   (You found it in a Gauntlet)

   [ring of poison resistance]

   It affects your strength (+5).
   It protects you from poison.
 l - an uncursed ring of protection from fire
 r - an amulet of regeneration (around neck)
 x - a +4 ring of protection (right hand)
 H - the ring "Zeanuil" {rC+ rN+}
   (You bought it in a shop in a bazaar)

   [ring of protection from cold]

   It protects you from cold.
   It protects you from negative energy.
Wands
 a - a wand of random effects (18)
 k - a wand of enslavement (7)
 y - a wand of digging (10)
 z - a wand of polymorph (11)
Scrolls
 b - a scroll of enchant armour {unknown}
 h - a scroll of magic mapping
 i - 3 scrolls of teleportation
 j - a scroll of identify
 o - a scroll of amnesia {unknown}
 s - a scroll of immolation
 t - 4 scrolls of remove curse
 A - a scroll of fear {unknown}
 D - a scroll of summoning {unknown}
 E - a scroll of random uselessness {unknown}
Potions
 e - a potion of magic
 n - a potion of flight
Miscellaneous
 I - a phantom mirror


   Skills:
 + Level 9.5(9.0) Fighting
 + Level 10.5(10.0) Long Blades
 - Level 1.5(1.1) Throwing
 * Level 2.0(1.6) Armour
 - Level 11.2(10.7) Dodging
 * Level 2.3(1.9) Shields


You had 10 spell levels left.
You didn't know any spells.
Your spell library contained the following spells:

 Spells                   Type           Power        Failure   Level  Hunger
 Corona                   Hex            #......      100%        1    N/A
 Ensorcelled Hibernation  Hex/Ice        #.....       100%        2    N/A
 Confuse                  Hex            #.......     100%        3    N/A
 Dazzling Spray           Conj/Hex       #.....       100%        3    N/A
 Tukima's Dance           Hex            #.......     100%        3    N/A

Dungeon Overview and Level Annotations

Branches:
Dungeon (11/15)            Temple (1/1) D:4            Lair (0/6) D:9
    Orc (0/2) D:10        Gauntlet (visited)

Altars:
Ashenzari
Cheibriados
Dithmenos
Elyvilon
Fedhas
Gozag
Hepliaklqana
Kikubaaqudgha
Makhleb
Nemelex Xobeh
Okawaru
Qazlal
Ru
Sif Muna
Trog
Uskayaw
Vehumet
Wu Jian
Xom
Yredelemnul
Zin
The Shining One

Shops:
D:4 %

Annotations:
D:4 EmberCloud's ghost, novice GnSk


Innate Abilities, Weirdness & Mutations

You do not eat.
Your natural rate of healing is unusually fast.
You have razor-sharp teeth.
You have supernaturally acute eyesight. (SInv)
You can survive without breathing.


Message History

You riposte.
You slash the adder! Your bite misses the adder.
The adder is almost dead.
Okay, then.
As you read the scroll of fog, it crumbles to dust.
The scroll dissolves into smoke.
The orc warrior is no longer distracted by gold.
The adder bites you but does no damage.
Your plate armour prevents you from hitting the adder.
The adder is almost dead.
The wight closely misses you. The adder barely misses you.
You riposte.
You slash the adder!
You kill the adder!
The orc priest becomes distracted by your gold, dreaming of imaginary riches.
Your surroundings suddenly seem different.
A cyclops comes into view.
The cyclops shouts!
You hear an angry hiss.
A wyvern comes into view.
A worker ant comes into view.
The cyclops throws a large rock.
The large rock hits you!!
You die...
Your body crumbles into a pile of gold.

####...##.....,,,,,,,,,,,,*****,,
# #...#*...#**#........,,* *,, #
#...#*...* #........,,* *,,
#***...#*...####........,,*****,,
.,,,....,.........C.....,,,,,,,,,
.,,,,,..................,,,,,,,,,
,,,,,,,,,...............,,,,,,,,,
*****,,,,....[.........l,,,**,,,,
* *,,*******#.@.......,,,**,,,, *
*,,* #.........,,,**,,,, * *,,*
#.........,,,**,,,, * *,,*
#...a.....,,,**,,,, *****,,*
#.......>.,,,**,,,,
,,,,,,,*******#.........,,,,,,,,,
,,,,,,,,,,,,,,..........,,,,,,,,,
,,,,,,,,,,,,,,..........,,,,,,,,,
*********************************


You could see a cyclops, a wyvern and a worker ant.

Vanquished Creatures
  A hydra (D:9)
  A centaur warrior (D:10)
  A two-headed ogre (D:9)
  An unseen horror (D:7)
  A spectral centaur (Gauntlet)
  2 centaur zombies (Gauntlet)
  The ghost of EmberCloud the Slasher, a novice DsBe of Trog (D:5)
  2 dream sheep (D:9)
  Grinder (D:4)
  2 hippogriffs
  Sigmund (D:4)
  2 yaks (D:9)
  Eustachio (D:4)
  A hungry ghost (D:10)
  A water moccasin (D:9)
  2 ice beasts
  A phantom (D:10)
  2 sky beasts
  2 black bears
  3 ogres
  2 centaurs
  A crocodile (D:10)
  5 big kobolds
  3 bullfrogs
  2 gnoll sergeants
  4 scorpions
  A troll zombie (D:10)
  9 killer bees
  13 wights
  4 crimson imps
  A bullfrog zombie (D:10)
  2 jellies
  4 bullfrog skeletons
  7 orc priests
  5 hounds
  A gnoll shaman (D:6)
  Crazy Yiuf (D:2)
  6 orc wizards
  5 worker ants
  7 ogre zombies (D:10)
  A hound zombie (D:9)
  A hound skeleton (D:9)
  A worker ant zombie (D:11)
  A howler monkey skeleton (D:9)
  8 adders
  13 gnolls
  A river rat (D:4)
  An ooze (D:3)
  2 adder skeletons
  An adder zombie (D:5)
  8 worms
  A dart slug (D:2)
  10 leopard geckos
  28 orcs
  7 bats
  10 giant cockroaches
  5 hobgoblins
  10 jackals
  5 quokkas
  3 ball pythons
  3 frilled lizards
  5 goblins
  A goblin zombie (D:10)
  4 hobgoblin skeletons (D:10)
  5 hobgoblin zombies (D:10)
  A jackal skeleton (D:5)
  16 kobolds
  3 orc skeletons (D:10)
  12 orc zombies (D:10)
  2 quokka skeletons
  9 rats
290 creatures vanquished.

Notes
Turn   | Place    | Note
-------+----------+-------------------------------------------
     0 | D:1      | grindst0ne the Vampire Gladiator began the quest for the
                  | Orb.
     0 | D:1      | Reached XP level 1. HP: 16/16 MP: 1/1
    49 | D:1      | Found a shattered altar of Ashenzari.
   112 | D:1      | Reached XP level 2. HP: 22/22 MP: 2/2
   305 | D:1      | Reached XP level 3. HP: 28/28 MP: 3/3
   860 | D:2      | Found a runed translucent door.
   861 | D:2      | Noticed Crazy Yiuf
  1028 | D:2      | Noticed a +0 dagger
  1028 | D:2      | Noticed a +0 dagger
  1033 | D:2      | Found a hide-covered altar of Uskayaw.
  1068 | D:2      | Found a bloodstained altar of Trog.
  1089 | D:2      | Reached skill level 4 in Dodging
  1305 | D:2      | Killed Crazy Yiuf
  1305 | D:2      | Reached XP level 4. HP: 34/34 MP: 4/4
  1642 | D:3      | Reached XP level 5. HP: 19/41 MP: 5/5
  2219 | D:4      | Reached skill level 5 in Dodging
  2219 | D:4      | Reached XP level 6. HP: 47/47 MP: 6/6
  2245 | D:4      | Found a runed translucent door.
  2256 | D:4      | Noticed EmberCloud's ghost (novice GnSk)
  2334 | D:4      | Noticed Eustachio
  2356 | D:4      | Killed Eustachio
  2356 | D:4      | Reached skill level 5 in Long Blades
  2400 | D:4      | Noticed Grinder
  2400 | D:4      | Paralysed by Grinder for 4 turns
  2427 | D:4      | Paralysed by Grinder for 7 turns
  2437 | D:4      | Killed Grinder
  2437 | D:4      | Reached skill level 6 in Dodging
  2437 | D:4      | Reached XP level 7. HP: 6/55 MP: 7/7
  2626 | D:4      | Found a runed translucent door.
  2762 | D:4      | Noticed Sigmund
  2764 | D:4      | Found a staircase to the Ecumenical Temple.
  2807 | D:4      | Killed Sigmund
  2848 | D:4      | Reached skill level 5 in Fighting
  2855 | Temple   | Entered the Ecumenical Temple
  2911 | Temple   | Became a worshipper of Gozag Ym Sagoz the Greedy
  3037 | D:4      | Found a burning altar of Makhleb.
  3152 | D:4      | Found Odutryba's Food Shop.
  3220 | D:5      | Entered Level 5 of the Dungeon
  3302 | D:5      | Reached XP level 8. HP: 54/62 MP: 8/8
  3420 | D:5      | Reached skill level 7 in Dodging
  3442 | D:5      | Found a runed translucent gate.
  3445 | D:5      | Found a runed translucent gate.
  3445 | D:5      | Found a runed translucent gate.
  3971 | D:5      | Noticed EmberCloud's ghost (novice DsBe)
  4543 | D:6      | Reached skill level 8 in Dodging
  4679 | D:6      | Found an ornate altar of the Wu Jian Council.
  4792 | D:6      | Reached XP level 9. HP: 71/71 MP: 9/9
  4897 | D:6      | Found a sacrificial altar of Ru.
  4995 | D:6      | Found a glowing golden altar of the Shining One.
  5182 | D:6      | Found a snail-covered altar of Cheibriados.
  5183 | D:6      | Found a hazy altar of Hepliaklqana.
  5630 | D:7      | Noticed an unseen horror
  5647 | D:7      | Killed an unseen horror
  5647 | D:7      | Reached skill level 9 in Dodging
  5912 | D:5      | Killed EmberCloud's ghost
  6105 | D:8      | Reached XP level 10. HP: 61/80 MP: 10/10
  6452 | D:9      | Reached skill level 10 in Dodging
  6484 | D:9      | Found a radiant altar of Vehumet.
  6526 | D:9      | Found a staircase to the Lair.
  6555 | D:9      | Found a white marble altar of Elyvilon.
  6711 | D:9      | Noticed a two-headed ogre
  6744 | D:9      | Killed a two-headed ogre
  7045 | D:10     | Entered Level 10 of the Dungeon
  7082 | D:9      | Noticed a three-headed hydra
  7099 | D:9      | Killed a three-headed hydra
  7099 | D:9      | Reached skill level 10 in Long Blades
  7099 | D:9      | Reached skill level 11 in Dodging
  7231 | D:10     | Found a burning altar of Makhleb.
  7481 | D:10     | Reached XP level 11. HP: 84/89 MP: 11/11
  7576 | D:10     | Found a staircase to the Orcish Mines.
  8030 | D:10     | Noticed a centaur warrior
  8052 | D:10     | Killed a centaur warrior
  8052 | D:10     | Reached skill level 1 in Armour
  8052 | D:10     | Reached skill level 1 in Shields
  8213 | D:11     | Found a gateway to a bazaar.
  8223 | Bazaar   | Entered a bazaar
  8227 | Bazaar   | Found Xogyqec's Jewellery Boutique.
  8245 | Bazaar   | Found Esokof's Antique Armour Emporium.
  8250 | Bazaar   | Bought a brightly glowing helmet for 228 gold pieces
  8260 | Bazaar   | Identified the +2 helmet "Fewawn" {rElec MR+ SInv} (You
                  | bought it in a shop in a bazaar)
  8272 | Bazaar   | Found Unoeduvo's Book Boutique.
  8289 | Bazaar   | Found Uqiabefe's Armour Shoppe.
  8326 | Bazaar   | Bought a +2 plate armour of positive energy for 407 gold
                  | pieces
  8351 | Bazaar   | Bought the ring "Zeanuil" {rC+ rN+} for 470 gold pieces
  8386 | D:11     | Found a gate leading to a gauntlet.
  8395 | Gauntlet | Entered a Gauntlet
  8395 | Gauntlet | Found a transporter.
  8398 | Gauntlet | Found a transporter.
  8398 | Gauntlet | Noticed a brown ugly thing
  8398 | Gauntlet | Noticed a red ugly thing
  8407 | Gauntlet | Noticed a great orb of eyes
  8413 | Gauntlet | Found a transporter.
  8414 | Gauntlet | Found a transporter.
  8417 | Gauntlet | Noticed a brown ugly thing
  8417 | Gauntlet | Noticed a white ugly thing
  8426 | Gauntlet | Found a transporter.
  8434 | Gauntlet | Noticed a glowing orange brain
  8441 | Gauntlet | Noticed a sea snake
  8442 | Gauntlet | Found a runed translucent door.
  8444 | Gauntlet | Found a transporter.
  8444 | Gauntlet | Noticed a fire crab
  8444 | Gauntlet | Noticed a shining eye
  8444 | Gauntlet | a sea snake changed into a shining eye
  8445 | Gauntlet | a shining eye changed into a moth of wrath
  8446 | Gauntlet | Found a runed translucent door.
  8448 | Gauntlet | Noticed an unseen horror
  8448 | Gauntlet | a salamander changed into an unseen horror
  8453 | Gauntlet | Noticed a death ooze
  8459 | Gauntlet | an unseen horror changed into a guardian serpent
  8460 | Gauntlet | Found a transporter.
  8475 | Gauntlet | Found a transporter.
  8479 | Gauntlet | Found a transporter.
  8484 | Gauntlet | Noticed a wizard
  8487 | Gauntlet | Noticed a wizard
  8490 | Gauntlet | Found a transporter.
  8508 | Gauntlet | Noticed a death drake
  8509 | Gauntlet | Found a transporter.
  8513 | Gauntlet | Found a transporter.
  8523 | Gauntlet | Noticed a harpy
  8603 | Gauntlet | Got a sparkling bone ring
  8654 | Gauntlet | Noticed a death drake
  8654 | Gauntlet | a hippogriff changed into a death drake
  8666 | Gauntlet | a death drake changed into a redback
  8670 | Gauntlet | Noticed an anaconda
  8670 | Gauntlet | a wind drake changed into an anaconda
  8676 | Gauntlet | Noticed an unseen horror
  8676 | Gauntlet | a yaktaur changed into an unseen horror
  8681 | Gauntlet | Noticed a great orb of eyes
  8681 | Gauntlet | an anaconda changed into a great orb of eyes
  8688 | Gauntlet | Noticed a satyr
  8688 | Gauntlet | a great orb of eyes changed into a satyr
  8689 | Gauntlet | Noticed a spark wasp
  8689 | Gauntlet | a satyr changed into a spark wasp
  8695 | Gauntlet | Noticed a ghost moth
  8695 | Gauntlet | a spark wasp changed into a ghost moth
  8700 | Gauntlet | Noticed a catoblepas
  8700 | Gauntlet | a ghost moth changed into a catoblepas
  8702 | Gauntlet | Noticed a dire elephant
  8702 | Gauntlet | a catoblepas changed into a dire elephant
  8707 | Gauntlet | Noticed a shadow dragon
  8707 | Gauntlet | a dire elephant changed into a shadow dragon
  8708 | Gauntlet | an unseen horror changed into a human
  8711 | Gauntlet | Noticed a fire giant
  8711 | Gauntlet | a shadow dragon changed into a fire giant
  8715 | Gauntlet | Noticed a quicksilver dragon
  8715 | Gauntlet | a fire giant changed into a quicksilver dragon
  8721 | Gauntlet | Noticed a shadow dragon
  8721 | Gauntlet | a quicksilver dragon changed into a shadow dragon
  8723 | Gauntlet | Identified the ring of Efothuch {rPois Str+5} (You found it
                  | in a Gauntlet)
  8725 | Gauntlet | Noticed a harpy
  8725 | Gauntlet | a black bear changed into a harpy
  8727 | Gauntlet | Noticed a sphinx
  8727 | Gauntlet | a shadow dragon changed into a sphinx
  8728 | Gauntlet | Noticed a quicksilver dragon
  8728 | Gauntlet | a sphinx changed into a quicksilver dragon
  8738 | Gauntlet | Noticed an azure jelly
  8745 | Gauntlet | Noticed a sphinx
  8745 | Gauntlet | an azure jelly changed into a sphinx
  8751 | Gauntlet | Got a scintillating lapis lazuli ring
  8754 | Gauntlet | a harpy changed into a rime drake
  8756 | Gauntlet | Noticed a dire elephant
  8758 | Gauntlet | Noticed a sphinx
  8758 | Gauntlet | a dire elephant changed into a sphinx
  8759 | Gauntlet | Noticed a minotaur
  8761 | Gauntlet | Noticed a frost giant
  8761 | Gauntlet | a sphinx changed into a frost giant
  8763 | Gauntlet | Noticed a quicksilver dragon
  8763 | Gauntlet | a frost giant changed into a quicksilver dragon
  8768 | Gauntlet | Noticed a frost giant
  8768 | Gauntlet | a quicksilver dragon changed into a frost giant
  8769 | Gauntlet | Noticed a dire elephant
  8769 | Gauntlet | a frost giant changed into a dire elephant
  8778 | Gauntlet | Noticed a death yak
  8778 | Gauntlet | a dire elephant changed into a death yak
  8783 | Gauntlet | Noticed a storm dragon
  8783 | Gauntlet | a death yak changed into a storm dragon
  8785 | Gauntlet | Noticed an emperor scorpion
  8785 | Gauntlet | a storm dragon changed into an emperor scorpion
  8791 | Gauntlet | Noticed a catoblepas
  8791 | Gauntlet | an emperor scorpion changed into a catoblepas
  8797 | Gauntlet | Noticed a queen ant
  8797 | Gauntlet | a catoblepas changed into a queen ant
  8852 | D:11     | HP: 2/89 [wight/cursed +5 war axe (9)]
  8857 | D:11     | Hit by a large rock thrown by a cyclops

Levels and vault maps discovered:
D:1:      lightli_arrival_quake, layout_loops_ring, evilmike_ruin_ashenzari
D:2:      layout_basic, overflow_temple_1_default, dancing_weapons_uskayaw,
          uniq_crazy_yiuf_cottage
D:3:      layout_basic
D:4:      layout_loops_ring, lemuel_round_altar, minmay_temple_entry_arrows,
          serial_shops, shop, first_ration, ebering_ghost_sewer_f, uniq_sigmund,
          uniq_eustachio, uniq_grinder
D:5:      layout_basic, gammafunk_ghost_necromancy, kennysheep_generic_room_3
D:6:      layout_basic, kennysheep_mini, nicolae_tso_carved_into_rock,
          gammafunk_temple_overflow_pools, serial_bayou_pond_b,
          hangedman_ru_absence
D:7:      layout_rooms, chequers_serial_rivers_small_b, serial_bayou_pond_a
D:8:      layout_rooms
D:9:      layout_rooms, elyvilon_altar_5, lemuel_crystal_altar,
          lair_entry_dummy, hangedman_ranch [blue_anna_fruit_fields]
D:10:     layout_basic, zombieorc2_lemuel, basic_altar
D:11:     layout_small_grid, gauntlet_entry_generic, serial_shops,
          bzr_entry_islet
Temple:   dshaligram_water_room_temple

Skill      XL: |  1  2  3  4  5  6  7  8  9 10 11 |
---------------+----------------------------------+-----
Fighting       | 2 3 4 5 6 7 9 |  9.5
Dodging        | 4 5 6 8 9 11 | 11.2
Long Blades    | 4 5 6 7 8 10 | 10.5
Armour         | 2 |  2.0
Shields        | 2 |  2.3
Throwing       | |  1.5

Action                   |  1- 3 |  4- 6 |  7- 9 | 10-12 || total
-------------------------+-------+-------+-------+-------++-------
Melee: Long sword        |    90 |   151 |   566 |   374 ||  1181
       Bite              |     7 |    12 |    80 |    66 ||   165
       Short sword       |       |       |       |    28 ||    28
Throw: Throwing net      |     1 |     2 |       |       ||     3
Invok: Potion Petition   |       |       |     1 |     1 ||     2
 Abil: Exsanguinate      |       |       |       |     1 ||     1
Evoke: Wand              |       |       |     9 |     2 ||    11
  Use: Potion            |       |     2 |     7 |     7 ||    16
       Scroll            |       |       |     4 |    12 ||    16
 Stab: Held in net/web   |     1 |       |       |       ||     1
       Distracted        |       |       |     4 |     3 ||     7
       Confused          |       |       |     1 |       ||     1
Armor: Leather armour    |    25 |    21 |       |       ||    46
       Scale mail        |       |    39 |   232 |   109 ||   380
       Plate armour      |       |       |       |   112 ||   112
Dodge: Dodged            |    69 |   122 |   393 |   313 ||   897
Block: Buckler           |       |       |       |    24 ||    24
       Rpst.: Long sword |    21 |    32 |   131 |    84 ||   268
